 Dungeon Crawl Stone Soup version 0.19-a0-1870-gc32fe5a (webtiles) character file.

106341 Cirk the Hand of Fortune (level 15, -1/111 HPs)
             Began as a High Elf Gladiator on Oct 13, 2016.
             Was the Champion of Nemelex Xobeh.
             Blown up by an orb spider (25 damage)
             ... with an orb of destruction
             ... led by a torpor snail
             ... on level 2 of the Spider Nest.
             The game lasted 00:53:47 (27744 turns).

Cirk the Hand of Fortune (High Elf Gladiator)      Turns: 27744, Time: 00:53:47

Health: -1/111     AC: 15    Str: 14 (16) XL:     15   Next: 97%
Magic:  0/27       EV: 23    Int: 13      God:    Nemelex Xobeh [******]
Gold:   1628       SH: 12    Dex: 22 (23) Spells: 0 memorised, 14 levels left

rFire  + . .     SeeInvis .     b - +6 scimitar (flame)
rCold  . . .     Gourm    .     X - +0 fire dragon scales
rNeg   . . .     Faith    .     W - +0 shield {reflect}
rPois  +         Spirit   +     c - +1 helmet
rElec  .         Dismiss  .     x - +0 cloak
rCorr  .         Reflect  +     (no gloves)
MR     +....     Harm     .     (no boots)
Stlth  .......... Clarity  +    n - amulet of guardian spirit
                                P - ring of Kegydwaske {Ice rPois}
                                B - +5 ring of evasion

@: no status effects
A: iridescent scales 1, clarity, deterioration 1, strong 1
a: Triple Draw, Deal Four, Stack Five, Renounce Religion


You were on level 2 of the Spider Nest.
You worshipped Nemelex Xobeh.
Nemelex Xobeh was exalted by your worship.
You were hungry.

You visited 4 branches of the dungeon, and saw 24 of its levels.
You also visited: Ossuary.

You collected 2140 gold pieces.
You spent 512 gold pieces at shops.

Inventory:

Hand Weapons
 b - a +6 scimitar of flaming (weapon)
Missiles
 C - 3 throwing nets (quivered)
Armour
 c - a +1 helmet (worn)
 x - a +0 cloak (worn)
 W - a +0 shield of reflection (worn)
 X - +0 fire dragon scales (worn)
Jewellery
 n - an amulet of guardian spirit (around neck)
 o - a +4 ring of slaying
 r - an uncursed ring of see invisible
 B - a +5 ring of evasion (left hand)
 G - a +5 amulet of reflection {unknown}
 P - the ring of Kegydwaske (right hand) {Ice rPois}
   (You bought it in a shop on level 10 of the Dungeon)

   [ring of ice]

   It enhances your ice magic.
   It makes you vulnerable to fire.
   It protects you from cold.
   It protects you from poison.
 Q - an uncursed ring of resist corrosion {unknown}
Wands
 k - a wand of flame (27/48)
 p - a wand of lightning (8/15)
 s - a wand of paralysis (15/24)
 F - a wand of digging (13/24)
 I - a wand of teleportation (5/9)
 N - a wand of acid (3/15)
 R - a wand of disintegration (10/24)
 T - a wand of iceblast (7/15)
Scrolls
 a - 6 scrolls of remove curse
 i - 3 scrolls of blinking
 t - 7 scrolls of fear
 v - 7 scrolls of magic mapping
 w - 2 scrolls of teleportation
 z - 3 scrolls of recharging
 L - a scroll of fog
 S - 3 scrolls of amnesia
Potions
 d - a potion of curing
 g - 6 potions of brilliance
 m - 3 potions of flight
 J - 2 potions of cure mutation
 M - 2 potions of cancellation
 U - a potion of haste
Books
 D - a book of Maledictions

   Spells                             Type                      Level
   a - Corona                         Hexes                        1
   b - Ensorcelled Hibernation        Hexes/Ice                    2
   c - Confuse                        Hexes                        3
   d - Tukima's Dance                 Hexes                        3
   e - Dazzling Spray                 Conjuration/Hexes            3
Miscellaneous
 e - a legendary deck of summoning {drawn: 1}
 q - an ornate deck of summoning {drawn: 1}
 u - a legendary deck of summoning {drawn: 2}
 y - a plain deck of escape {drawn: 1}
 E - a legendary deck of destruction {drawn: 8}
 H - an ornate deck of summoning {drawn: 4}
 K - a legendary deck of escape
 O - an ornate deck of escape
 V - an ornate deck of destruction {drawn: 2}
 Y - a legendary deck of escape
Comestibles
 f - 8 bread rations
 h - a slice of pizza
 j - 10 royal jellies
 l - 11 fruits
 A - 8 meat rations


   Skills:
 - Level 13.6 Fighting
 - Level 14.3 Long Blades
 - Level 2.0 Throwing
 - Level 5.1 Armour
 - Level 14.3 Dodging
 + Level 8.9 Shields
 - Level 15.8 Invocations


You had 14 spell levels left.
You didn't know any spells.

Dungeon Overview and Level Annotations

Branches:
Dungeon (15/15)            Temple (1/1) D:4            Lair (6/6) D:10
 Shoals (0/4) Lair:4       Spider (2/4) Lair:4        Slime (0/5) Lair:5
    Orc (0/2) D:9          Vaults (0/5) D:14         Depths (0/5) D:15

Altars:
Ashenzari
Cheibriados
Dithmenos
Elyvilon
Fedhas
Gozag
Hepliaklqana
Kikubaaqudgha
Makhleb
Nemelex Xobeh
Okawaru
Qazlal
Ru
Sif Muna
Trog
Uskayaw
Vehumet
Xom
Yredelemnul
Zin
The Shining One

Shops:
D:4 :   D:9 (   D:10 =

Annotations:
D:15 exclusion: Roxanne, Roxanne


Innate Abilities, Weirdness & Mutations

You are partially covered in iridescent scales. (AC +2)
You possess an exceptional clarity of mind.
Your body sometimes deteriorates upon taking damage.
Your muscles are strong. (Str +2)


Message History

You slice the torpor snail!! You burn the torpor snail.
You kill the torpor snail!
You feel yourself speed up.
Cirk's illusion is no longer moving slowly.
Cirk's illusion disappears in a puff of smoke!
The orb spider spins a strand of pure energy.
Unknown command.
The orb spider weaves a glowing orb of energy.
An orb of destruction comes into view.
You see here a wolf spider corpse.
The orb spider pulsates with a strange energy.
You see here a wolf spider corpse.
The orb of destruction hits you!
* * * LOW HITPOINT WARNING * * *
The orb spider weaves a glowing orb of energy.
An orb of destruction comes into view.
The orb spider spins a strand of pure energy.
The orb of destruction hits you!
You die...
Your body glows with a rainbow of weird colours and disappears.

#................#
.........!(......#
#.................#
#.....[...........#
#.>...............#
#.^........^†.....#
...............#
.........$.....#
....s§.@.....###
......§..#.###
.........†.#
.^......^..#
........####
#..#....# ###.#####
##


You could see an orb spider.

Vanquished Creatures
  Kirke (Lair:6)
  The ghost of vogonpoet the Zephyrmancer, a journeyman DgAE (D:15)
  Azrael (D:12)
  Josephine (D:15)
  An ogre mage (D:15)
  The ghost of vogonpoet the Spear-Bearer, a journeyman NaBe of Trog (D:13)
  A yaktaur captain (D:14)
  2 ice dragons
  8 hydras
  Harold (D:10)
  A catoblepas (Lair:4)
  7 death yaks
  2 unseen horrors
  2 lindwurms (Lair:6)
  An unseen horror (shapeshifter) (D:13)
  9 hill giants
  A deep elf mage (D:15)
  4 orb spiders
  A cyclops (D:12)
  9 wolf spiders
  10 ugly things
  6 elephants (Lair:4)
  The ghost of tosh the Spear-Bearer, a novice GrFi (D:5)
  2 black mambas
  11 spiny frogs
  7 torpor snails
  2 kobold demonologists (D:14)
  4 rime drakes
  2 yaktaurs (D:14)
  3 demonic crawlers (Spider:1)
  An efreet (D:15)
  12 komodo dragons
  3 tyrant leeches (Lair:6)
  5 trolls
  7 jumping spiders (Spider:1)
  8 polar bears (Lair:6)
  Prince Ribbit (D:7)
  11 hornets
  13 blink frogs
  20 slime creatures
  A snapping turtle (Lair:4)
  2 raiju (Lair:6)
  14 hippogriffs
  A shadow (D:13)
  15 tarantellas
  42 redbacks
  A spriggan (Lair:4)
  44 yaks
  4 wyverns
  5 wraiths (D:15)
  A fire elemental (D:11)
  3 vampire mosquitoes (Lair:2)
  5 hogs (Lair:6)
  3 hungry ghosts
  2 basilisks (Lair:4)
  A mottled dragon (D:12)
  A soldier ant (D:10)
  2 insubstantial wisps (Lair:2)
  5 wargs (Lair:6)
  13 water moccasins
  11 hell hounds
  10 porcupines
  5 orc warriors
  A phantom (D:6)
  11 ogres
  3 ice beasts
  2 sky beasts
  An eye of draining (D:15)
  2 swamp drakes (Lair:2)
  16 black bears
  17 wolves
  A necrophage (D:10)
  4 centaurs
  7 crocodiles
  3 big kobolds
  An elf zombie (Ossuary)
  11 bullfrogs
  A gnoll sergeant (D:9)
  A wyvern skeleton (D:12)
  15 killer bees
  3 scorpions
  12 wights
  4 electric eels
  3 howler monkeys (D:13)
  A lava snake (Lair:2)
  A bullfrog zombie (D:9)
  4 centaur zombies
  14 crimson imps
  8 centaur skeletons
  22 hounds
  3 jellies
  2 bullfrog skeletons
  A human zombie (Ossuary)
  11 orc priests
  10 orc wizards
  7 iguanas
  11 worker ants
  A big kobold zombie (Ossuary)
  A hound skeleton (D:5)
  2 mummies (Ossuary)
  Robin (D:2)
  11 gnolls
  A howler monkey skeleton (D:4)
  8 adders
  3 shadow imps
  An ooze (D:1)
  An adder zombie (D:9)
  An adder skeleton (D:4)
  A worm (D:6)
  A dart slug (D:2)
  6 leopard geckos
  49 orcs
  7 giant cockroaches
  15 goblins
  14 hobgoblins
  11 jackals
  16 kobolds
  9 quokkas
  2 ball pythons (D:5)
  6 bats
  5 frilled lizards
  2 goblin zombies (Ossuary)
  11 hobgoblin zombies (Ossuary)
  2 jackal zombies (Ossuary)
  5 kobold zombies (Ossuary)
  6 orc zombies (Ossuary)
  11 rats
  A rat zombie (Ossuary)
  A plant (Lair:2)
801 creatures vanquished.

Vanquished Creatures (collateral kills)
  Agnes (D:15)
  Donald (Lair:4)
  A fire dragon (D:15)
  Urug (Lair:2)
  A swamp dragon (Lair:6)
  A lindwurm (Lair:6)
  3 orb spiders (Spider:1)
  A demonic crawler (Spider:1)
  A jumping spider (Spider:1)
  A hornet (Spider:2)
  6 redbacks (Spider:1)
  A tarantella (Spider:1)
  A basilisk (Lair:2)
  A plant (Lair:4)
21 creatures vanquished.

Vanquished Creatures (others)
  A human (Lair:6)
  A wight (D:12)
  A ball lightning (Lair:6)
  A bush (Lair:4)
  8 fungi
  31 plants
43 creatures vanquished.

Grand Total: 865 creatures vanquished

Notes
Turn   | Place    | Note
-------+----------+-------------------------------------------
     0 | D:1      | Cirk the High Elf Gladiator began the quest for the Orb.
     0 | D:1      | Reached XP level 1. HP: 14/14 MP: 2/2
   165 | D:1      | Reached XP level 2. HP: 18/19 MP: 3/3
   706 | D:2      | Reached XP level 3. HP: 21/25 MP: 4/4
  1488 | D:3      | Reached XP level 4. HP: 30/30 MP: 5/5
  2388 | D:3      | Reached skill level 5 in Long Blades
  2411 | D:3      | Reached XP level 5. HP: 33/36 MP: 6/6
  2440 | D:3      | Noticed Robin
  2479 | D:3      | HP: 1/36 [goblin[Robin] (3)]
  2797 | D:2      | Killed Robin
  3369 | D:4      | Found a sand-covered staircase.
  3402 | Ossuary  | Entered an ossuary
  3514 | Ossuary  | Reached skill level 1 in Shields
  3607 | Ossuary  | Reached XP level 6. HP: 29/43 MP: 7/7
  3884 | D:4      | Found Bugon's Book Shoppe.
  3896 | D:4      | Found a staircase to the Ecumenical Temple.
  3958 | Temple   | Entered the Ecumenical Temple
  4236 | Temple   | Became a worshipper of Nemelex Xobeh the Trickster
  4349 | D:4      | Found a deep blue altar of Sif Muna.
  4418 | D:4      | Reached XP level 7. HP: 28/47 MP: 8/8
  4692 | D:5      | Entered Level 5 of the Dungeon
  4697 | D:5      | Received a gift from Nemelex Xobeh
  4980 | D:5      | Noticed tosh's ghost (novice GrFi)
  5039 | D:5      | Killed tosh's ghost
  5039 | D:5      | Reached skill level 5 in Dodging
  5050 | D:5      | Reached XP level 8. HP: 43/54 MP: 9/9
  5387 | D:5      | Reached * piety under Nemelex Xobeh
  5698 | D:6      | Found a shattered altar of Ashenzari.
  5821 | D:6      | Reached skill level 5 in Fighting
  6203 | D:6      | Gained mutation: You are partially covered in iridescent scales. (AC +2) [potion of beneficial mutation]
  6592 | D:7      | Noticed Prince Ribbit
  6617 | D:7      | Killed Prince Ribbit
  7015 | D:7      | Reached XP level 9. HP: 62/62 MP: 10/10
  7064 | D:7      | Reached ** piety under Nemelex Xobeh
  7603 | D:7      | Received a gift from Nemelex Xobeh
  7962 | D:7      | Found a stormy altar of Qazlal.
  7963 | D:7      | Found a shadowy altar of Dithmenos.
  7963 | D:7      | Found an iron altar of Okawaru.
  7965 | D:7      | Found a glowing silver altar of Zin.
  8161 | D:7      | Reached skill level 10 in Long Blades
  9308 | D:9      | Noticed a troll
  9327 | D:9      | Killed a troll
  9463 | D:9      | Found Qomu's Weapon Emporium.
  9469 | D:9      | Found a staircase to the Orcish Mines.
  9572 | D:9      | Found a blossoming altar of Fedhas.
  9574 | D:9      | Found a bloodstained altar of Trog.
  9741 | D:9      | Reached *** piety under Nemelex Xobeh
  9831 | D:9      | Reached XP level 10. HP: 51/71 MP: 8/11
  9994 | D:9      | Received a gift from Nemelex Xobeh
 10279 | D:9      | Noticed a brown ugly thing
 10300 | D:9      | Killed a brown ugly thing
 10392 | D:10     | Entered Level 10 of the Dungeon
 10392 | D:10     | Noticed a hill giant
 10408 | D:9      | Killed a hill giant
 10475 | D:10     | Found Sunyla's Jewellery Shop.
 10549 | D:10     | Bought an uncursed ring of see invisible for 150 gold pieces
 10599 | D:10     | Noticed Harold
 10605 | D:10     | Killed Harold
 10778 | D:10     | Noticed a hill giant
 10791 | D:10     | Killed a hill giant
 10865 | D:10     | Found a staircase to the Lair.
 10949 | D:10     | Reached XP level 11. HP: 70/78 MP: 12/12
 11090 | D:10     | Noticed a hill giant
 11100 | D:10     | Killed a hill giant
 11139 | D:11     | Found a deep blue altar of Sif Muna.
 11217 | D:11     | Received a gift from Nemelex Xobeh
 11468 | D:11     | Noticed a hill giant
 11480 | D:11     | Killed a hill giant
 11774 | D:11     | Noticed an unseen horror
 11785 | D:11     | Reached skill level 10 in Dodging
 11786 | D:11     | Killed an unseen horror
 11864 | D:11     | Reached **** piety under Nemelex Xobeh
 11980 | D:11     | Reached skill level 1 in Invocations
 11999 | D:11     | Reached skill level 2 in Invocations
 12212 | D:11     | Reached skill level 3 in Invocations
 12321 | D:11     | Reached skill level 4 in Invocations
 12390 | D:12     | Noticed Azrael
 12398 | D:11     | HP: 4/80 [burnt (2)]
 12615 | D:12     | Received a gift from Nemelex Xobeh
 12636 | D:11     | Reached skill level 5 in Invocations
 12998 | D:11     | Gained mutation: Your body sometimes deteriorates upon taking damage. [potion of mutation]
 12998 | D:11     | Gained mutation: Your muscles are strong. (Str +2) [potion of mutation]
 13011 | D:12     | Killed Azrael
 13011 | D:12     | Reached skill level 10 in Fighting
 13011 | D:12     | Reached skill level 6 in Invocations
 13011 | D:12     | Reached XP level 12. HP: 87/87 MP: 17/17
 13075 | Lair:1   | Entered Level 1 of the Lair of Beasts
 13333 | Lair:1   | Reached skill level 7 in Invocations
 13468 | Lair:1   | Received a gift from Nemelex Xobeh
 13733 | Lair:1   | Noticed Sonja
 13734 | Lair:1   | Noticed Sonja
 13734 | Lair:1   | Sonja changed into Sonja the ice beast
 13735 | Lair:1   | Killed Sonja the ice beast
 13812 | Lair:2   | Reached skill level 8 in Invocations
 14188 | Lair:2   | Got a heavily runed leather armour
 14199 | Lair:2   | Identified the +2 leather armour of Makhleb's Whim {+Inv MR+} (You found it on level 2 of the Lair of Beasts)
 14269 | Lair:2   | Noticed an eight-headed hydra
 14279 | Lair:2   | Noticed Urug
 14285 | Lair:2   | Killed Urug
 14290 | Lair:2   | Killed a seven-headed hydra
 14290 | Lair:2   | Reached skill level 9 in Invocations
 15026 | Lair:3   | Reached ***** piety under Nemelex Xobeh
 15073 | Lair:3   | Reached skill level 10 in Invocations
 15094 | Lair:3   | Received a gift from Nemelex Xobeh
 15130 | Lair:3   | Reached XP level 13. HP: 77/95 MP: 17/21
 15832 | Lair:4   | Found a staircase to the Shoals.
 15878 | Lair:4   | Found a hole to the Spider Nest.
 15946 | Lair:4   | Reached skill level 11 in Invocations
 16036 | Lair:4   | Received a gift from Nemelex Xobeh
 16514 | Lair:5   | Received a gift from Nemelex Xobeh
 16882 | Lair:5   | Found a staircase to the Slime Pits.
 16897 | Lair:5   | Received a gift from Nemelex Xobeh
 16909 | Lair:5   | Reached skill level 12 in Invocations
 17423 | Lair:6   | Entered Level 6 of the Lair of Beasts
 17467 | Lair:6   | Noticed Kirke
 17568 | Lair:6   | Killed Kirke
 17573 | Lair:6   | Found a runed door.
 17658 | Lair:6   | Received a gift from Nemelex Xobeh
 17928 | Lair:6   | Reached XP level 14. HP: 103/103 MP: 24/24
 18153 | Lair:6   | Reached skill level 13 in Invocations
 18444 | Lair:6   | Received a gift from Nemelex Xobeh
 19302 | Lair:6   | Reached skill level 1 in Armour
 19311 | Lair:6   | Reached skill level 14 in Invocations
 19383 | Lair:6   | Gained mutation: You possess an exceptional clarity of mind. [potion of beneficial mutation]
 20453 | D:13     | Noticed vogonpoet's ghost (journeyman NaBe)
 20465 | D:13     | Killed vogonpoet's ghost
 20519 | D:13     | Found a flagged portal.
 20519 | D:13     | Reached ****** piety under Nemelex Xobeh
 20532 | D:13     | Received a gift from Nemelex Xobeh
 21183 | D:14     | Reached skill level 15 in Invocations
 21198 | D:14     | Found a flickering gateway to a bazaar.
 21237 | D:14     | Received a gift from Nemelex Xobeh
 21263 | D:14     | Found a gate to the Vaults.
 21270 | D:14     | Reached XP level 15. HP: 111/111 MP: 27/27
 21367 | D:14     | Received a gift from Nemelex Xobeh
 22033 | D:15     | Entered Level 15 of the Dungeon
 22035 | D:15     | Noticed Roxanne
 22294 | D:15     | Noticed Josephine
 22306 | D:15     | Killed Josephine
 22570 | D:15     | Noticed vogonpoet's ghost (journeyman DgAE)
 22668 | D:10     | Bought the ring of Kegydwaske {Ice rPois} for 362 gold pieces
 22921 | D:15     | Killed vogonpoet's ghost
 23152 | D:15     | Received a gift from Nemelex Xobeh
 23381 | D:15     | Found a staircase to the Depths.
 23427 | D:15     | Noticed Agnes
 23452 | D:15     | Killed Agnes
 24059 | D:15     | Reached skill level 5 in Armour
 24410 | Spider:1 | Entered Level 1 of the Spider Nest
 24420 | Spider:1 | Noticed Donald
 24471 | Lair:4   | Killed Donald
 25375 | Spider:1 | Reached skill level 5 in Shields
 26235 | Spider:1 | Received a gift from Nemelex Xobeh
 27744 | Spider:2 | Blown up by an orb spider

Vault maps used:
D:1:      lightli_arrival_flooded_house
D:3:      uniq_robin
D:4:      serial_shops, nicolae_shop_window_shopping,
          nicolae_ossuary_entry_plus, lemuel_blue_sif_altar
D:5:      first_bread
D:6:      nicolae_ashenzari_panopticon, eino_small_chamber_without_monster
D:7:      minitemple, uniq_prince_ribbit1
D:9:      grunt_temple_overflow_open, orc_0_dummy, serial_shops,
          nicolae_shop_trees
D:10:     lair_0_dummy, serial_shops, shop, hangedman_pestilent_swarm,
          uniq_harold
D:11:     basic_altar, minivault_20
D:12:     uniq_azrael
D:13:     enter_bailey_2
D:14:     david_vaults_2, serial_shops, bzr_entry_dummy,
          infiniplex_staircase_river
D:15:     grunt_enter_depths_hoard, minmay_misc_feat_diagonals, uniq_roxanne,
          uniq_agnes, uniq_josephine
Temple:   minmay_temple_curvy_branch
Lair:1:   guppyfry_lair_drakes, uniq_sonja
Lair:2:   pond, uniq_urug
Lair:3:   lab_entry_generic
Lair:4:   minmay_shoals_entry_hut, dummy_spider_entry,
          grunt_forest_large_clearing_hut
Lair:5:   slime_dummy, minmay_lair_drake_nest
Lair:6:   wormcave, hangedman_lair_caniforms_friends, uniq_kirke
Spider:1: nicolae_spider_circle_web, uniq_donald
Spider:2: spiders_nest_spider_trap
Ossuary:  ossuary_tomb_1

Skill      XL: |  1  2  3  4  5  6  7  8  9 10 11 12 13 14 15 |
---------------+----------------------------------------------+-----
Long Blades    | 4 5 7 9 11 13 14 | 14.3
Dodging        | 4 5 6 8 9 11 12 13 14 | 14.3
Fighting       | 3 4 5 7 8 10 11 12 13 | 13.6
Shields        | 1 4 8 |  8.9
Invocations    | 6 10 12 15 | 15.8
Armour         | 3 5 |  5.1
Throwing       | |  2.0

Action                   |  1- 3 |  4- 6 |  7- 9 | 10-12 | 13-15 || total
-------------------------+-------+-------+-------+-------+-------++-------
Melee: Long sword        |    96 |   211 |   419 |   499 |       ||  1225
       Scimitar          |       |       |       |   196 |  1396 ||  1592
Throw: Throwing net      |     2 |     4 |     2 |     3 |       ||    11
Invok: Stack Five        |       |       |       |       |     1 ||     1
Evoke: Wand              |       |       |     4 |     4 |     1 ||     9
       Deck              |       |       |       |    13 |    20 ||    33
  Use: Scroll            |     3 |     3 |    14 |     6 |    16 ||    42
       Potion            |       |     2 |     8 |     7 |    16 ||    33
 Stab: Sleeping          |     1 |       |       |       |     2 ||     3
       Held in net/web   |       |     2 |       |     4 |       ||     6
       Invisible         |       |       |       |     7 |     5 ||    12
       Distracted        |       |       |       |       |     4 ||     4
  Eat: Chunk             |     2 |     5 |    12 |    13 |    33 ||    65
       Pizza             |       |     1 |       |       |     1 ||     2
       Meat ration       |       |     1 |       |       |       ||     1
       Bread ration      |       |       |     1 |     1 |     2 ||     4
       Royal jelly       |       |       |       |     1 |       ||     1
       Fruit             |       |       |       |     1 |       ||     1
Armor: Leather armour    |    23 |    47 |    44 |       |       ||   114
       Skin              |       |       |    19 |       |       ||    19
       Troll leather arm |       |       |     5 |    80 |   110 ||   195
       Fire dragon scale |       |       |       |       |    97 ||    97
Dodge: Dodged            |    69 |   123 |   268 |   579 |  1285 ||  2324
Block: Buckler           |     7 |    34 |   112 |   161 |   272 ||   586
       Shield            |       |       |       |       |   196 ||   196
       Rpst.: Long sword |    21 |    43 |    73 |   115 |       ||   252
       Scimitar          |       |       |       |    53 |   292 ||   345
